 Dungeon Crawl Stone Soup version 0.21-a0-154-gb5400c9 (webtiles) character file.

126053 Charly the Fencer (level 16, -4/122 HPs)
             Began as a Gnoll Abyssal Knight on Aug 2, 2017.
             Was a High Priest of Lugonu.
             Slain by a spriggan rider
             ... wielding a +0 spear
              (16 damage)
             ... on level 2 of the Swamp.
             The game lasted 03:20:50 (16184 turns).

Charly the Fencer (Gnoll Abyssal Knight)           Turns: 16184, Time: 03:20:52

Health: -4/122     AC: 26    Str:  7    XL:     16   Next: 62%
Magic:  0/25       EV: 16    Int:  7    God:    Lugonu [*****.]
Gold:   370        SH:  0    Dex:  7    Spells: 8/28 levels left

rFire    . . .     SeeInvis .   a - +1 dagger (elec)
rCold    + . .     Gourm    +   (no shield)
rNeg     + . .     Faith    .   E - +0 troll leather armour
rPois    +         Spirit   +   m - +2 hat of the Bear Spirit {Spirit, +Rage rN+ MR++}
rElec    .         Reflect  .   z - +0 cloak
rCorr    .         Harm     .   V - +1 pair of gloves {archery}
MR       +++..                  Q - +2 pair of boots {run}
Stlth    ++........             n - amulet of the gourmand
HPRegen  0.70/turn              H - +4 ring of protection
MPRegen  0.19/turn              p - ring of poison resistance

@: icy armour, very slow
A: unchanging attributes, fangs 1, repulsion field 1, icy blue scales 1, cold
resistance 1, low mp 1, wild magic 1, strong nose
}: 1/15 runes: decaying
a: Depart the Abyss, Bend Space, Banish, Corrupt, Enter the Abyss, Renounce
Religion, Evoke Berserk Rage


You were on level 2 of the Swamp.
You worshipped Lugonu.
Lugonu was extremely pleased with you.
You were very hungry.

You visited 4 branches of the dungeon, and saw 27 of its levels.
You visited the Abyss 1 time.
You also visited: Labyrinth and Ice Cave.

You collected 2509 gold pieces.
You spent 2139 gold pieces at shops.

Inventory:

Hand Weapons
 a - a +1 dagger of electrocution (weapon)
 b - a +0 blowgun
 t - a +4 vampiric scimitar
Missiles
 y - 8 curare-tipped needles
 K - a throwing net (quivered)
Armour
 m - the +2 hat of the Bear Spirit (worn) {Spirit, +Rage rN+ MR++}
   (You bought it in a shop on level 2 of the Orcish Mines)

   It protects you from negative energy.
   It affects your resistance to hostile enchantments.
   It lets you go berserk.
 z - a +0 cloak (worn)
 E - a +0 troll leather armour (worn)
 Q - a +2 pair of boots of running (worn)
 V - a +1 pair of gloves of archery (worn)
Magical Staves
 u - an uncursed staff of death
 w - an uncursed staff of wizardry
Jewellery
 c - an uncursed ring of protection from cold
 f - an uncursed ring of protection from fire
 n - an amulet of the gourmand (around neck)
 p - a ring of poison resistance (right hand)
 C - an uncursed ring of resist corrosion
 H - a +4 ring of protection (left hand)
 P - the ring "Siripra" {*Tele rC+ Str+2 Slay+2 SInv Stlth+}
   (You took it off a minotaur in a labyrinth)

   [ring of teleportation]

   It may teleport you next to monsters.
   It affects your strength (+2).
   It affects your accuracy and damage with ranged weapons and melee attacks
   (+2).
   It protects you from cold.
   It lets you see invisible.
   It makes you more stealthy.
Wands
 v - a wand of acid (6/15)
 x - a wand of acid (3/15)
 D - a wand of confusion (22/48)
 Z - a wand of digging (1/24)
Scrolls
 d - 9 scrolls of recharging
 j - 2 scrolls of blinking
 k - 15 scrolls of remove curse
 q - a scroll of enchant armour
 s - 3 scrolls of vulnerability
 F - 3 scrolls of immolation
 G - 5 scrolls of magic mapping
 I - a scroll of enchant weapon
 J - 3 scrolls of teleportation
Potions
 e - 15 potions of curing
 g - 6 potions of lignification
 o - 4 potions of brilliance
 r - 4 potions of mutation
 B - 2 potions of agility
 L - 4 potions of might
 M - 2 potions of resistance
 R - 2 potions of haste
 T - 2 potions of cancellation
 W - a potion of flight
 Y - a potion of berserk rage
Miscellaneous
 l - a phantom mirror
 A - a phial of floods (inert)
Comestibles
 S - 15 bread rations


   Skills:
 - Level 10.0 Fighting
 - Level 16.0 Long Blades
 - Level 7.1 Armour
 - Level 10.0 Dodging
 * Level 12.3 Stealth
 - Level 6.8 Spellcasting
 - Level 4.7 Hexes
 - Level 9.7 Charms
 - Level 10.0 Necromancy
 - Level 1.3 Translocations
 - Level 5.4 Ice Magic
 + Level 15.8 Invocations
 + Level 16.0 Evocations


You had 8 spell levels left.
You knew the following spells:

 Your Spells              Type           Power        Failure   Level  Hunger
a - Animate Dead          Necr           N/A          9%          4    #####..
g - Shroud of Golubria    Chrm/Tloc      ##........   8%          2    ##.....
o - Ozocubu's Armour      Chrm/Ice       ###.....     7%          3    ###....
r - Regeneration          Chrm/Necr      ###.......   3%          3    ###....
s - Song of Slaying       Chrm           ###.....     1%          2    ##.....
w - Spectral Weapon       Hex/Chrm       ###.....     8%          3    ###....
R - Recall                Summ/Tloc      N/A          67%         3    ###....


Dungeon Overview and Level Annotations

Branches:
Dungeon (15/15)            Temple (0/1) D:5            Lair (6/6) D:8
  Swamp (4/4) Lair:3       Spider (0/4) Lair:3        Slime (0/5) Lair:6
    Orc (2/2) D:12         Vaults (0/5) D:13         Depths (0/5) D:15
    Elf: Orc:2

Altars:
Cheibriados
Dithmenos
Fedhas
Gozag
Kikubaaqudgha
Makhleb
Nemelex Xobeh
Okawaru
Ru
Trog
Uskayaw
Wu Jian
Yredelemnul
Jiyva

Shops:
D:5 ([   D:9 *   D:12 [   D:13 *   Orc:2 =([*

Annotations:
D:4 froobite's ghost, amateur MiBe
Lair:1 exclusion: oklob plant
Swamp:4 Lernaean hydra
Orc:1 Harold
Abyss:1 Edmund; Urug


Innate Abilities, Weirdness & Mutations

Your physical attributes are unchanging.
You have very sharp teeth.
Your uncanny sense of smell can sniff out nearby items.
You are surrounded by a mild repulsion field. (EV +2)
You are partially covered in icy blue scales. (AC +2)
Your flesh is cold resistant. (rC+)
Your magical capacity is low. (-10% MP)
Your spells are a little harder to cast, but a little more powerful.


Message History

Your spriggan rider hits the shambling mangrove with a spear!!
The shambling mangrove barely misses your spriggan rider.
Your seven-headed hydra bites the shambling mangrove but does no damage.
Your seven-headed hydra bites the shambling mangrove!
Your seven-headed hydra bites the shambling mangrove.
Your seven-headed hydra bites the shambling mangrove but does no damage.
Your seven-headed hydra bites the shambling mangrove.
Your seven-headed hydra bites the shambling mangrove but does no damage. x2
Your spiny frog stings the shambling mangrove!
Unknown command.
You enter the shallow water.
Moving in this stuff is going to be slow.
A root reaches out and grasps at passing movement.
Your spriggan rider hits the shambling mangrove with a spear.
Your seven-headed hydra bites the shambling mangrove!
The shambling mangrove is destroyed!
Lugonu accepts your kill.
The grasping roots settle back into the ground.
The spriggan rider hits you from afar with a spear!
You die...

♣♣♣♣...≈.≈≈ ♣♣♣♣♣ ♣≈≈
.≈....≈≈≈§♣♣♣♣...♣♣♣♣♣.≈
≈..≈≈≈≈.≈♣≈...≈§.♣ ≈♣≈≈♣♣♣
≈..≈≈≈≈..≈.≈≈≈≈..♣♣♣..§..♣
≈..≈≈≈≈...≈≈≈≈.§≈.♣♣.≈... ♣♣
≈.≈≈≈≈§..≈≈≈≈≈§♣≈...≈≈§.♣♣≈≈
.≈≈≈≈≈≈†.≈≈≈≈≈....≈≈§≈..♣...
.≈≈≈≈≈≈DFi≈≈≈.≈≈≈.≈§≈..≈≈≈≈≈
.≈≈≈≈≈≈≈.i(@..≈≈≈≈.....≈.≈≈≈
≈≈≈≈≈≈≈≈.♣♣♣♣♣≈≈≈....÷♣♣..≈≈
≈≈≈≈≈.≈§≈. ♣♣≈.>≈.....≈≈≈≈
≈≈≈...♣♣♣.. ♣♣♣..≈≈≈≈≈≈≈≈≈
≈.♣ ....≈. ♣≈
♣♣..≈..≈≈≈≈.... ≈.♣ ♣♣≈≈≈.
♣♣♣♣♣.≈≈≈≈≈≈≈≈≈.... ≈≈♣ ♣♣
♣≈.≈≈..≈≈≈≈§≈≈≈≈..≈ ≈.♣♣
♣≈≈.......≈≈≈≈≈≈..≈ ≈..♣ ≈≈
♣.≈≈≈.≈♣..≈.≈≈≈≈..≈


You could see a spriggan rider, a friendly seven-headed hydra, a friendly
spriggan rider, a friendly spiny frog and a friendly spectral dagger of
electrocution.

Vanquished Creatures
  Kirke (Swamp:3)
  A frost giant (D:14)
  An orc warlord (Orc:2)
  2 stone giants (D:14)
  A very ugly thing (Swamp:4)
  Azrael (D:13)
  2 ettins (D:15)
  A minotaur (Lab)
  2 vault guards (D:13)
  A yaktaur captain (D:15)
  8 hydras
  Erica (D:12)
  9 two-headed ogres
  4 centaur warriors
  A satyr (Orc:2)
  4 alligators
  5 death yaks (Lair:5)
  An ogre mage (D:15)
  2 orc high priests (Orc:2)
  A deep troll earth mage (D:15)
  Sonja (D:13)
  An unseen horror (D:12)
  2 sea snakes (Lair:6)
  4 swamp dragons
  A wizard (D:14)
  A phantasmal warrior (D:15)
  Pikel (D:7)
  A wolf spider zombie (D:15)
  An oklob plant (Lair:1)
  A deep elf mage (D:14)
  An orc knight (Orc:2)
  2 manticores
  3 orc sorcerers (Orc:2)
  9 ugly things
  2 cyclopes (D:12)
  4 centaur zombies
  4 black mambas
  A gargoyle (D:9)
  13 spiny frogs
  A yaktaur (D:15)
  14 ice devils (IceCv)
  3 rime drakes (Lair:6)
  An efreet (D:14)
  6 komodo dragons
  5 polar bears (Lair:6)
  3 hornets
  11 trolls
  A killer bee (D:12)
  3 tyrant leeches
  4 bog bodies
  3 slime creatures (Swamp:1)
  7 blink frogs (Lair:6)
  6 dream sheep (Lair:6)
  7 hippogriffs
  A spriggan (Swamp:1)
  2 shadows
  2 wraiths
  A fire bat (D:12)
  7 wyverns
  2 hogs (Swamp:3)
  4 basilisks
  Grum (D:10)
  28 yaks
  3 fire elementals (D:13)
  A hungry ghost (D:15)
  10 vampire mosquitoes
  2 wargs
  12 swamp worms
  5 insubstantial wisps (Swamp:3)
  8 water moccasins
  An acid dragon (D:11)
  3 hell hounds (D:13)
  8 porcupines
  4 swamp drakes
  3 ice beasts
  4 slaves (D:4)
  A black bear (D:8)
  2 phantoms
  23 orc warriors
  A sky beast (D:6)
  A necrophage (D:12)
  10 ogres
  8 wolves
  4 boggarts (D:15)
  10 centaurs
  8 crocodiles
  A big kobold (D:8)
  A gnoll sergeant (D:11)
  7 bullfrogs
  6 scorpions
  A wight (D:12)
  The ghost of Charly the Skirmisher, a weakling GnAK of Lugonu (D:3)
  2 howler monkeys
  2 electric eels
  6 crimson imps
  A lava snake (Lair:4)
  A quasit (D:11)
  2 jellies
  4 bullfrog zombies
  3 hounds
  5 orc priests
  A bullfrog skeleton (D:6)
  7 centaur skeletons
  13 orc wizards
  7 iguanas
  5 hell rats (Lair:5)
  3 worker ants
  A hound zombie (D:7)
  A mummy (D:12)
  A worker ant zombie (D:10)
  10 gnolls
  11 adders
  3 shadow imps
  6 white imps (IceCv)
  7 ufetubi (IceCv)
  An ooze (D:10)
  A worm (D:5)
  2 dart slugs
  4 leopard geckos
  50 orcs
  10 bats
  3 bat zombies (D:9)
  A giant cockroach (D:6)
  6 goblins
  5 hobgoblins
  10 jackals
  5 kobolds
  5 quokkas
  A frilled lizard (D:4)
  4 rats
  A rat zombie (D:9)
  A spectral orc (D:2)
  A fire vortex (Lair:4)
  A plant (Lair:6)
588 creatures vanquished.

Vanquished Creatures (collateral kills)
  Rupert (D:13)
  2 ogre magi (D:14)
  A great orb of eyes (D:14)
  2 hydras
  A merfolk avatar (Lair:6)
  A death yak (Lair:4)
  A spriggan druid (Swamp:4)
  A flayed ghost (D:14)
  A shambling mangrove (Swamp:2)
  2 swamp dragons (Swamp:4)
  2 ugly things (D:14)
  A manticore (D:12)
  2 elephants (Lair:6)
  A spiny frog (Lair:6)
  A rime drake (Lair:6)
  A troll (Orc:2)
  7 yaks
  An acid dragon (D:13)
  An ice beast (D:12)
  A wolf (D:10)
  A bullfrog (D:12)
  4 killer bees
  A wight (D:12)
  2 howler monkeys (D:13)
  A hound (D:11)
  An orc (D:12)
  A plant (Lair:6)
42 creatures vanquished.

Vanquished Creatures (others)
  2 Ice Fiends (IceCv)
  2 fire giants
  4 vault guards (D:13)
  4 hydras
  A ghost crab (Lair:3)
  A tengu warrior (D:14)
  A fire crab (Orc:1)
  2 swamp dragons (Swamp:4)
  A sea snake (Lair:6)
  A harpy (Lair:6)
  6 cyclopes
  A manticore (D:11)
  A torpor snail (Swamp:1)
  2 efreet (D:14)
  A komodo dragon (Lair:6)
  A yaktaur (D:15)
  2 vampires (D:13)
  A yak (D:11)
  A human (Swamp:3)
  4 killer bees (D:11)
  2 crimson imps
  An orc wizard (D:5)
  An iguana (D:9)
  An adder (D:14)
  4 white imps (IceCv)
  A bush (Lair:6)
  14 fungi
  15 plants
  29 spectral weapons
107 creatures vanquished.

Grand Total: 737 creatures vanquished

Notes
Turn   | Place    | Note
-------+----------+-------------------------------------------
     0 | Abyss:1  | Charly the Gnoll Abyssal Knight began the quest for the Orb.
     0 | Abyss:1  | Reached XP level 1. HP: 19/19 MP: 2/2
     5 | D:1      | Escaped the Abyss
   161 | D:1      | Reached XP level 2. HP: 25/25 MP: 4/4
   234 | D:2      | Reached XP level 3. HP: 17/30 MP: 5/5
   304 | D:2      | HP: 1/30 [quokka (1)]
   345 | D:1      | HP: 1/30 [goblin/dagger (2)]
   350 | D:1      | Reached ** piety under Lugonu
   470 | D:2      | Found a hide-covered altar of Uskayaw.
   490 | D:2      | RAGE
   515 | D:2      | Reached XP level 4. HP: 25/37 MP: 6/6
   570 | D:2      | Reached skill level 1 in Evocations
   584 | D:2      | Found a basalt altar of Yredelemnul.
   849 | D:3      | WASTE RE :(
   965 | D:4      | Noticed a slave
   966 | D:4      | Noticed Pikel
   966 | D:4      | Noticed a slave
   966 | D:4      | Noticed a slave
   966 | D:4      | Noticed a slave
   978 | D:3      | Found an opulent altar of Gozag.
  1036 | D:3      | Noticed Charly's ghost (weakling GnAK)
  1057 | D:3      | Killed Charly's ghost
  1057 | D:3      | Reached XP level 5. HP: 29/42 MP: 8/8
  1084 | D:3      | Found a blossoming altar of Fedhas.
  1355 | D:4      | Reached skill level 5 in Long Blades
  1396 | D:4      | Killed a slave
  1411 | D:4      | Noticed froobite's ghost (amateur MiBe)
  1535 | D:4      | Reached skill level 5 in Invocations
  1659 | D:4      | Killed a slave
  1750 | D:4      | Killed a slave
  1888 | D:5      | Entered Level 5 of the Dungeon
  1961 | D:4      | Found an iron altar of Okawaru.
  1961 | D:4      | Found a shadowy altar of Dithmenos.
  1971 | D:4      | Reached XP level 6. HP: 27/48 MP: 9/9
  1999 | D:4      | Killed a slave
  2271 | D:4      | Found a burning altar of Makhleb.
  2365 | D:4      | WOW
  2365 | D:4      | BAD
  2365 | D:4      | VERRRRRRRRRRRRRRRRRRRRRRRRRy
  2487 | D:5      | Found Nuac's Antique Weapon Boutique.
  2492 | D:5      | Noticed Edmund
  2540 | D:5      | Found Nouh's Antique Armour Emporium.
  2543 | D:5      | Noticed a phantom
  2572 | D:5      | Killed a phantom
  2584 | D:5      | Bought a shimmering leather armour for 203 gold pieces
  2594 | D:5      | Identified the +3 leather armour "Dakatuat" {Int+3 Stlth+} (You bought it in a shop on level 5 of the Dungeon)
  2643 | D:5      | Reached *** piety under Lugonu
  2643 | D:5      | Reached XP level 7. HP: 54/54 MP: 11/11
  2869 | D:5      | Found a staircase to the Ecumenical Temple.
  2975 | D:5      | Banished Edmund
  2975 | D:5      | Reached skill level 5 in Evocations
  3558 | D:7      | Killed Pikel
  3558 | D:7      | Reached XP level 8. HP: 25/60 MP: 12/14
  3669 | D:6      | Gained mutation: You have large cloven feet. [mutagenic meat]
  3671 | D:6      | Gained mutation: You can translocate small distances at will. [mutagenic meat]
  3672 | D:6      | Gained mutation: You have a pair of small antennae on your head. [mutagenic meat]
  3731 | D:8      | Noticed a yak
  3731 | D:8      | Noticed a yak
  3731 | D:8      | Noticed a yak
  3732 | D:8      | Noticed a yak
  3743 | D:8      | Noticed a yak
  3745 | D:8      | Noticed a yak
  3756 | D:8      | Killed a yak
  3768 | D:8      | Killed a yak
  3768 | D:8      | Reached XP level 9. HP: 49/65 MP: 15/15
  4157 | D:7      | Noticed a hornet
  4179 | D:7      | Killed a hornet
  4286 | D:7      | Reached skill level 10 in Long Blades
  4314 | D:8      | Found a staircase to the Lair.
  4320 | D:8      | Reached skill level 10 in Invocations
  4325 | D:8      | Reached skill level 5 in Fighting
  4463 | D:8      | Found an ornate altar of the Wu Jian Council.
  4511 | D:9      | Noticed a gargoyle
  4537 | D:9      | Killed a gargoyle
  4537 | D:9      | Reached XP level 10. HP: 76/76 MP: 17/17
  4593 | D:9      | Reached **** piety under Lugonu
  4596 | D:9      | Found an ancient bone altar of Kikubaaqudgha.
  4754 | D:9      | Reached skill level 10 in Evocations
  4829 | D:10     | Entered Level 10 of the Dungeon
  4865 | D:9      | Found a transporter.
  4867 | D:9      | Noticed a cyclops
  4867 | D:9      | Found a transporter.
  4867 | D:9      | Noticed a yaktaur captain
  4897 | D:9      | Found a snail-covered altar of Cheibriados.
  5082 | D:10     | Noticed a two-headed ogre
  5097 | D:10     | Killed a two-headed ogre
  5224 | D:10     | Got an ebony trident
  5225 | D:10     | Identified the +7 trident of Anger {venom, Str+4 Dex+4 SInv} (You found it on level 10 of the Dungeon)
  5332 | D:10     | Noticed Grum
  5374 | D:10     | Killed Grum
  5412 | D:10     | Reached skill level 5 in Dodging
  5623 | D:10     | Noticed a two-headed ogre
  5634 | D:10     | Killed a two-headed ogre
  5634 | D:10     | Reached XP level 11. HP: 84/84 MP: 19/19
  5658 | D:11     | Reached ***** piety under Lugonu
  5673 | D:11     | Noticed a seven-headed hydra
  5688 | D:11     | Banished a seven-headed hydra
  5780 | D:12     | Found a staircase to the Orcish Mines.
  5799 | D:12     | Found Zaebaref's Armour Boutique.
  5802 | D:12     | Noticed a manticore
  5820 | D:12     | Killed a manticore
  5901 | D:12     | Noticed a cyclops
  6014 | D:11     | Noticed a cyclops
  6153 | D:11     | Noticed a two-headed ogre
  6165 | D:11     | Killed a two-headed ogre
  6206 | D:11     | Noticed a two-headed ogre
  6222 | D:11     | Killed a two-headed ogre
  6256 | D:11     | Noticed a manticore
  6279 | D:11     | HP: 3/86 [manticore (5)]
  6569 | D:12     | Noticed a cyclops
  6582 | D:12     | Killed a cyclops
  6745 | D:12     | Killed a cyclops
  6745 | D:12     | Reached XP level 12. HP: 79/93 MP: 21/21
  6792 | D:13     | Noticed a six-headed hydra
  6795 | D:13     | Banished a six-headed hydra
  6848 | D:13     | Found Puoph's Blood Bar.
  6855 | D:13     | Bought a +0 vampiric scimitar for 140 gold pieces
  6857 | D:13     | Found a gate to the Vaults.
  6857 | D:13     | Noticed a vault guard
  6857 | D:13     | Noticed a vault guard
  6857 | D:13     | Noticed a vault guard
  6858 | D:13     | Noticed a vault guard
  6858 | D:13     | Noticed a vault guard
  6859 | D:13     | Banished a vault guard
  6868 | D:13     | Banished a vault guard
  6899 | D:13     | Killed a vault guard
  6901 | D:13     | Noticed a vault guard
  6917 | D:13     | Noticed a vault guard
  6953 | D:13     | Banished a vault guard
  6953 | D:13     | Reached skill level 5 in Armour
  6995 | D:13     | Banished a vault guard
  6997 | D:13     | Noticed a vault guard
  7030 | D:13     | Killed a vault guard
  7075 | D:13     | Banished a vault guard
  7085 | D:13     | Noticed Sonja
  7099 | D:13     | Killed Sonja
  7150 | D:13     | Found a sparkling altar of Nemelex Xobeh.
  7189 | D:13     | Noticed Rupert
  7200 | D:13     | Killed Rupert
  7205 | D:13     | Found a snail-covered altar of Cheibriados.
  7217 | D:13     | Found a labyrinth entrance.
  7258 | Lab      | Entered a labyrinth
  7354 | Lab      | Noticed a minotaur
  7368 | Lab      | Killed a minotaur
  7370 | Lab      | Got a serpentine iron ring
  7372 | Lab      | Identified the ring "Siripra" {*Tele rC+ Str+2 Slay+2 SInv Stlth+} (You took it off a minotaur in a labyrinth)
  7380 | Lab      | Got a faintly humming chain mail
  7415 | D:13     | Identified the +1 chain mail of Time Monsters {rC- Int+3} (You found it in a labyrinth)
  7494 | D:13     | Noticed Azrael
  7498 | D:13     | Killed Azrael
  7502 | D:13     | Reached XP level 13. HP: 22/101 MP: 23/23
  7544 | D:14     | Found a sacrificial altar of Ru.
  7616 | Orc:1    | Entered Level 1 of the Orcish Mines
  7616 | Orc:1    | Noticed an orc warlord
  7618 | Orc:1    | Noticed Erica
  7682 | D:12     | Got a steaming long sword
  7683 | D:12     | Identified the cursed +0 long sword of Conflict {drain, rElec rC+ MR- SInv} (You found it on level 12 of the Dungeon)
  7909 | D:9      | Banished a yaktaur captain
  7962 | D:9      | Found Waliroc's General Store.
  7983 | D:9      | Bought a potion of mutation for 104 gold pieces
  8083 | Lair:1   | Entered Level 1 of the Lair of Beasts
  8434 | Lair:1   | Reached skill level 1 in Stealth
  8435 | Lair:1   | Identified the Guide on Arcane Weapons and Snow
  8536 | Lair:2   | Lost mutation: You have large cloven feet. [potion of mutation]
  8536 | Lair:2   | Lost mutation: You have a pair of small antennae on your head. [potion of mutation]
  8536 | Lair:2   | Lost mutation: You can translocate small distances at will. [potion of mutation]
  8536 | Lair:2   | Gained mutation: Your system is resistant to poisons. (rPois) [potion of mutation]
  8536 | Lair:2   | Gained mutation: You have supernaturally acute eyesight. (SInv) [potion of mutation]
  8663 | Lair:2   | Learned a level 2 spell: Shroud of Golubria
  8666 | Lair:2   | Learned a level 2 spell: Song of Slaying
  8670 | Lair:2   | Learned a level 3 spell: Regeneration
  8674 | Lair:2   | Learned a level 3 spell: Spectral Weapon
  8737 | Lair:3   | Reached skill level 1 in Charms
  8774 | Lair:3   | Found a staircase to the Swamp.
  8827 | Lair:3   | Reached skill level 1 in Spellcasting
  8827 | Lair:3   | Reached skill level 1 in Hexes
  9021 | Lair:3   | Found a hole to the Spider Nest.
  9407 | Lair:4   | Reached skill level 5 in Charms
  9587 | Lair:4   | Learned a level 4 spell: Animate Dead
  9591 | Lair:4   | Learned a level 3 spell: Recall
  9777 | Lair:5   | Noticed Urug
  9778 | Lair:5   | Banished Urug
  9778 | Lair:5   | Reached skill level 5 in Spellcasting
  9789 | Lair:5   | Reached skill level 1 in Necromancy
  9860 | Lair:5   | Reached XP level 14. HP: 101/108 MP: 22/24
  9960 | Lair:5   | Lost mutation: You have supernaturally acute eyesight. (SInv) [potion of mutation]
  9960 | Lair:5   | Lost mutation: Your system is resistant to poisons. (rPois) [potion of mutation]
  9960 | Lair:5   | Gained mutation: You are partially covered in icy blue scales. (AC +2) [potion of mutation]
  9960 | Lair:5   | Gained mutation: You are surrounded by a mild repulsion field. (EV +2) [potion of mutation]
 10051 | Lair:6   | Entered Level 6 of the Lair of Beasts
 10237 | Lair:6   | Found a staircase to the Slime Pits.
 10237 | Lair:6   | Found a viscous altar of Jiyva.
 10287 | Lair:6   | Reached skill level 5 in Necromancy
 10507 | Lair:6   | Learned a level 3 spell: Ozocubu's Armour
 10541 | Lair:6   | Identified a scroll of acquirement
 10699 | Lair:6   | Reached skill level 1 in Ice Magic
 11237 | D:12     | Noticed a fire giant
 11237 | D:12     | an orc warlord changed into a fire giant
 11242 | D:12     | Banished a fire giant
 11271 | D:12     | Killed Erica
 11371 | Orc:2    | Entered Level 2 of the Orcish Mines
 11371 | Orc:2    | Found Kituxa Mexu's Jewellery Emporium.
 11371 | Orc:2    | Found a bloodstained altar of Trog.
 11516 | Orc:2    | Found Nyli's Antique Armour Boutique.
 11591 | Orc:2    | Reached skill level 15 in Long Blades
 11627 | Orc:2    | Found Adwochent's General Store.
 11688 | Orc:2    | Reached XP level 15. HP: 71/114 MP: 22/25
 11712 | Orc:2    | Bought the +2 hat of the Bear Spirit {Spirit, +Rage rN+ MR++} for 977 gold pieces
 11725 | Orc:2    | Found Teul's Antique Weapon Emporium.
 11740 | Orc:2    | Noticed an orc warlord
 11833 | Orc:2    | Killed an orc warlord
 11833 | Orc:2    | Reached skill level 5 in Stealth
 12022 | Orc:2    | Bought a shimmering leather armour for 175 gold pieces
 12032 | Orc:2    | Identified the +1 leather armour of Melancholy {rC+ rN+} (You bought it in a shop on level 2 of the Orcish Mines)
 12103 | Orc:2    | Bought a +4 ring of protection for 540 gold pieces
 12113 | Orc:1    | Noticed Harold
 12248 | D:14     | Reached skill level 10 in Fighting
 12252 | D:14     | Gained mutation: Your flesh is cold resistant. (rC+) [mutagenic meat]
 12253 | D:14     | Gained mutation: Your magical capacity is low. (-10% MP) [mutagenic meat]
 12256 | D:14     | Gained mutation: Your spells are a little harder to cast, but a little more powerful. [mutagenic meat]
 12261 | D:15     | Entered Level 15 of the Dungeon
 12424 | D:15     | Reached skill level 5 in Ice Magic
 12526 | D:15     | Reached skill level 1 in Translocations
 12527 | D:15     | Reached skill level 10 in Necromancy
 12583 | D:15     | Reached skill level 10 in Dodging
 12721 | D:15     | Found a staircase to the Depths.
 12878 | D:14     | Reached ****** piety under Lugonu
 13440 | D:14     | Noticed a fire giant
 13440 | D:14     | Noticed a frost giant
 13495 | D:14     | Noticed a tengu reaver
 13519 | D:14     | Banished a tengu reaver
 13600 | D:14     | Killed a frost giant
 13600 | D:14     | Reached skill level 15 in Evocations
 13633 | D:14     | Banished a fire giant
 13710 | D:15     | Reached skill level 15 in Invocations
 13731 | D:15     | Reached XP level 16. HP: 102/122 MP: 6/24
 13961 | Swamp:1  | Entered Level 1 of the Swamp
 14167 | Swamp:1  | Reached skill level 10 in Stealth
 14654 | Swamp:3  | Noticed Kirke
 14709 | Swamp:3  | Killed Kirke
 14764 | Swamp:3  | Found a frozen archway.
 14823 | IceCv    | Entered an ice cave
 15015 | IceCv    | Identified a +1 pair of boots of running (You found it in an ice cave)
 15200 | IceCv    | Noticed an Ice Fiend
 15205 | IceCv    | Noticed an Ice Fiend
 15254 | IceCv    | Corrupted IceCv
 15266 | IceCv    | Killed an Ice Fiend
 15269 | IceCv    | Killed an Ice Fiend
 15325 | IceCv    | Noticed a bone dragon
 15452 | Swamp:4  | Entered Level 4 of the Swamp
 15621 | Swamp:4  | Noticed the 27-headed Lernaean hydra
 15826 | Swamp:3  | Noticed a thorn hunter
 16045 | Swamp:4  | Got a decaying rune of Zot
 16184 | Swamp:2  | Slain by a spriggan rider

Vault maps used:
D:1:      minmay_arrival_widening_spiral_wide
D:2:      nicolae_overflow_hidden_temple, vehumet_crystals,
          yredelemnul_forgotten_temple_becter
D:3:      old_standard_altar, st_stairs_7, fedhas_altar_1
D:4:      makhleb_heckhound_becter, gammafunk_temple_overflow_elements,
          first_bread, uniq_pikel
D:5:      kennysheep_little_box, temple_statues, serial_shops, shop,
          nicolae_shop_statue_plus, shop, uniq_edmund
D:6:      trog_three_pillars_becter
D:7:      nicolae_ru_the_path_less_chosen, serial_corexii_hall,
          corexii_hall_statues_deadend, corexii_hall_statues_u,
          patterned_corridor
D:8:      overflow_temple_1_default, minmay_lair_entry_grove,
          blue_anna_alchemist
D:9:      lemuel_zombie_altar_kikubaaqudgha, gammafunk_temple_overflow_arena,
          serial_shops, nicolae_shop_stone
D:10:     hangedman_abyss_or_decor_stagger, uniq_grum
D:11:     minivault_26
D:12:     orc_david_3, serial_undead, serial_undead_d, serial_undead_a,
          serial_undead_c, serial_undead_a
D:13:     erik_vaults_2, lab_entry_generic, roderic_bipointed_swastika,
          hangedman_feature_mirror, guppyfry_shop_blood, uniq_rupert,
          uniq_sonja, uniq_azrael
D:14:     minmay_connected_triangles_in_corner, wad_floor_pattern_2,
          hangedman_feature_mirror, nicolae_looking_at_the_future,
          uniq_josephine
D:15:     grunt_enter_depths_snipers, minivault_19, dispersion_dpeg
Lair:1:   dpeg_oklob_gauntlet
Lair:3:   nicolae_swamp_entry_splash_gauntlet, spider_nest_entry_web_field
Lair:5:   uniq_urug
Lair:6:   gammafunk_lair_ancient_temple, slime_altar_1, minivault_23
Swamp:1:  hangedman_swamp_cone, swamp_pool1
Swamp:2:  infiniplex_staircase_pool_2
Swamp:3:  portal_ice_cave_entry_pillars_1, evilmike_swamp_ruin_house_4,
          infiniplex_staircase_pool, uniq_bai_suzhen, uniq_kirke
Swamp:4:  swamp_old_school
Orc:1:    uniq_erica, uniq_harold
Orc:2:    grunt_orc_gardens, grunt_orc_garden, grunt_orc_garden,
          grunt_orc_garden, grunt_orc_garden, basic_altar
Lab:      labyrinth_mini_lab
IceCv:    ice_cave_small_demon

Skill      XL: |  1  2  3  4  5  6  7  8  9 10 11 12 13 14 15 16 |
---------------+-------------------------------------------------+-----
Long Blades    | 3 4 5 6 8 9 10 11 12 14 15 16 | 16.0
Invocations    | 3 4 5 6 8 9 10 11 12 13 14 15 | 15.8
Evocations     | 2 3 4 6 8 9 11 12 13 14 15 16 | 16.0
Fighting       | 5 7 8 9 10 | 10.0
Dodging        | 5 8 9 10 | 10.0
Armour         | 3 6 7 |  7.1
Stealth        | 1 4 9 12 | 12.3
Charms         | 8 9 |  9.7
Spellcasting   | 5 6 |  6.8
Hexes          | 4 |  4.7
Necromancy     | 2 9 10 | 10.0
Ice Magic      | 3 5 |  5.4
Translocations | 1 |  1.3

Action                   |  1- 3 |  4- 6 |  7- 9 | 10-12 | 13-15 | 16-18 || total
-------------------------+-------+-------+-------+-------+-------+-------++-------
Melee: Falchion          |    73 |   267 |   367 |   706 |    10 |       ||  1423
       Bite              |     4 |    16 |    34 |    52 |    83 |    33 ||   222
       Kick              |       |       |    44 |   129 |    23 |       ||   196
       Scimitar          |       |       |       |       |  1092 |       ||  1092
       Dagger            |       |       |       |       |     1 |   550 ||   551
 Fire: Blowgun           |       |       |       |       |    29 |       ||    29
Throw: Throwing net      |       |     1 |       |       |       |     1 ||     2
       Javelin           |       |       |       |     2 |       |       ||     2
 Cast: Spectral Weapon   |       |       |       |       |    71 |    35 ||   106
       Ozocubu's Armour  |       |       |       |       |    20 |    20 ||    40
       Regeneration      |       |       |       |       |     8 |    13 ||    21
       Animate Dead      |       |       |       |       |     3 |     2 ||     5
       Song of Slaying   |       |       |       |       |       |     1 ||     1
Invok: Bend Space        |       |     3 |       |     2 |    20 |     5 ||    30
       Banish            |       |       |     2 |    15 |    32 |    10 ||    59
       Corrupt           |       |       |       |       |       |     1 ||     1
 Abil: Evoke Berserk Rag |     1 |     9 |     7 |     1 |     1 |       ||    19
Evoke: Wand              |       |       |    14 |    68 |   161 |    24 ||   267
       Phial of floods   |       |       |       |     1 |     5 |     1 ||     7
  Use: Potion            |     4 |     1 |       |     2 |     8 |     3 ||    18
       Scroll            |       |    15 |     5 |    11 |    22 |    11 ||    64
 Stab: Paralysed         |       |       |   111 |   146 |     8 |       ||   265
       Sleeping          |       |       |     2 |       |     4 |     9 ||    15
       Distracted        |       |       |       |     1 |     9 |     8 ||    18
       Confused          |       |       |       |       |    13 |     2 ||    15
       Held in net/web   |       |       |       |       |       |     1 ||     1
  Eat: Royal jelly       |     1 |     3 |       |       |     3 |     2 ||     9
       Fruit             |       |     4 |    12 |     5 |    16 |     1 ||    38
       Chunk             |       |     1 |     8 |     9 |    19 |     4 ||    41
       Bread ration      |       |     1 |     1 |       |       |       ||     2
       Meat ration       |       |       |       |       |     5 |     2 ||     7
Armor: Leather armour    |    19 |    38 |    72 |    27 |       |       ||   156
       Ring mail         |       |    19 |       |       |       |       ||    19
       Troll leather arm |       |       |       |   114 |   267 |   230 ||   611
       Skin              |       |       |       |       |    14 |       ||    14
Dodge: Dodged            |    58 |   134 |   102 |   268 |   642 |   350 ||  1554
       Rpst.: Falchion   |    22 |    41 |    31 |    83 |     1 |       ||   178
       Scimitar          |       |       |       |       |   169 |       ||   169
